 Dungeon Crawl Stone Soup version 0.31-a0-986-g5e6e4ef867 (webtiles) character file.

Game seed: 14839305998202937524

4431 lunkers the Martial Artist (level 10, 0/84 HPs)
             Began as a Meteoran Shapeshifter on Nov 8, 2023.
             Was a Priest of Okawaru.
             Slain by a vault guard
             ... wielding a +0 broad axe
              (21 damage)
             ... in a bailey.
             The game lasted 00:11:47 (3730 turns).

lunkers the Martial Artist (Meteoran Shapeshifter)  Turns: 3730, Time: 00:11:48

Health: 0/84       AC:  8    Str: 21    XL:     10   Next: 94%
Magic:  15/15      EV: 12    Int: 13    God:    Okawaru [***...]
Gold:   1034       SH:  5    Dex: 17    Spells: 9/9 levels left

rFire   . .          .
                       - Unarmed
rCold   . . .        (shield currently unavailable)
rNeg    . . .        t - melded +4 ring mail of Instinct {rN+ Will+ Regen+ Str+8}
rPois   .            (helmet currently unavailable)
rElec   .            (cloak currently unavailable)
rCorr   .            (gloves currently unavailable)
SInv    .            (boots currently unavailable)
Will    +....        n - amulet of reflection
Stlth   +            (no ring)
HPRegen 0.34/turn    (no ring)
MPRegen 0.14/turn

%: reflection
@: mighty, snake-form, glowing
A: constrict, large, sense surroundings 2, otherworldly, glowing, explore regen
a: Begin Untransformation, Renounce Religion, Heroism


You were in a bailey.
You worshipped Okawaru.
Okawaru was most pleased with you.
You were an enormous anaconda.
You visited 2 branches of the dungeon, and saw 8 of its levels.
You also visited: Sewer and Bailey.

You collected 1034 gold pieces.

Inventory:

Armour
 a - a +0 animal skin
 h - a +0 ring mail
 j - a +0 buckler
 m - a +0 helmet
 r - a +0 cloak
 t - the +4 ring mail of Instinct (melded) {rN+ Will+ Regen+ Str+8}
   (You found it in a sewer)

   Str+8:     It affects your strength (+8).
   rN+:       It protects you from negative energy.
   Will+:     It increases your willpower.
   Regen+:    It increases your rate of health regeneration.
 u - a +0 pair of boots
Jewellery
 g - a +6 ring of intelligence
 n - an amulet of reflection (around neck)
Talismans
 c - a beast talisman
 d - a flux talisman
 k - a serpent talisman (active)
 y - a maw talisman
Wands
 q - a wand of iceblast (7)
 x - a wand of flame (21)
 A - a wand of polymorph (18)
Scrolls
 e - a scroll of poison
 i - 2 scrolls of teleportation
 D - a scroll of vulnerability {unknown}
 F - a scroll of amnesia {unknown}
 G - a scroll of blinking
 H - a scroll of enchant weapon {unknown}
Potions
 b - 4 potions of might
 f - 5 potions of haste
 l - 2 potions of mutation {unknown}
 o - 2 potions of lignification
 p - 3 potions of curing {unknown}
 s - 2 potions of brilliance {unknown}
 v - a potion of heal wounds {unknown}
 w - a potion of magic {unknown}
 z - a potion of attraction {unknown}
 B - a potion of invisibility {unknown}
 C - a potion of enlightenment {unknown}
 E - a potion of degeneration {unknown}


   Skills:
 + Level 5.0 Fighting
 + Level 5.5 Dodging
 * Level 12.6 Unarmed Combat
 + Level 5.7 Invocations
 + Level 8.7 Shapeshifting


You had 9 spell levels left.
You didn't know any spells.
Your spell library contained the following spells:

 Spells                   Type           Power      Damage    Failure   Level
 Magic Dart               Conj           0%         1d3       30%         1
 Sandblast                Erth           0%         2d4       30%         1
 Passwall                 Tmut/Erth      0%         N/A       43%         2
 Searing Ray              Conj           0%         2d4       43%         2
 Static Discharge         Conj/Air       0%         3-3/arc   43%         2
 Stone Arrow              Conj/Erth      0%         3d7       67%         3
 Brom's Barrelling Bould  Conj/Erth      0%         2d3       97%         4
 Fulminant Prism          Conj/Hex       0%         3d5       97%         4
 Lee's Rapid Deconstruct  Erth           0%         3d4*      100%        5
 Plasma Beam              Fire/Air       0%         2x1d10    100%        6
 Chain Lightning          Conj/Air       0%         N/A       100%        9
 Animate Armour           Summ/Erth      Unusable   N/A       N/A         4
 Summon Lightning Spire   Summ/Air       Unusable   N/A       N/A         4

Dungeon Overview and Level Annotations

Branches:
Dungeon (7/15) Zot: 1088   Temple (1/1) D:4 Zot: 542   Sewer (visited)
 Bailey (1/1) Zot: 504

Altars:
Dithmenos
Fedhas
Gozag
Hepliaklqana
Kikubaaqudgha
Nemelex Xobeh
Okawaru
Trog
Uskayaw
Wu Jian
Xom

Shops:
D:5 [

Annotations:
D:4 1 runed translucent door, Demosthentine's ghost, amateur DsGl
D:6 1 runed translucent door Bailey Prince Ribbit


Innate Abilities, Weirdness & Mutations

You are an enormous anaconda.
You have a powerful constriction melee attack.
Your armour is entirely melded.
You are incapable of wielding weapons or throwing items.
You passively map the area around you.
You are easily found by Zot.
You glow in the dark.
You regain HP and MP as you explore.


Message History

Found a gate leading back out of this place.
Found 27 gold pieces, 2 potions of haste and a potion of might.
Prince Ribbit blinks!
There is an open door here.
Prince Ribbit lets out a mournful croak.
Prince Ribbit closely misses you. The vault guard barely misses you.
Prince Ribbit hits you but does no damage.
You lash the vault guard! Your grab misses the vault guard.
The vault guard is lightly wounded.
The vault guard misses you. Prince Ribbit closely misses you.
You barely miss the vault guard. You grab the vault guard.
The vault guard is lightly wounded.
You constrict the vault guard. Prince Ribbit misses you.
The vault guard hits you with a +0 broad axe!
* * * LOW HITPOINT WARNING * * *
You feel very mighty all of a sudden.
You constrict the vault guard. Prince Ribbit hits you.
* * * LOW HITPOINT WARNING * * *
The vault guard hits you with a +0 broad axe!!
* * * LOW HITPOINT WARNING * * *
Prince Ribbit blinks!
You body-slam the vault guard!!
The vault guard is heavily wounded.
You constrict the vault guard. The vault guard barely misses you.
Prince Ribbit blinks!
Unknown command.
You lash the vault guard!
The vault guard is severely wounded.
You constrict the vault guard.
Unknown command.
You completely miss the vault guard.
The vault guard is almost dead.
You constrict the vault guard.
The vault guard hits you with a +0 broad axe.
* * * LOW HITPOINT WARNING * * *
You hit the vault guard.
The vault guard is almost dead.
You constrict the vault guard.
The vault guard hits you with a +0 broad axe!!
You die...

#≈~~~....~≈#~..~#
#≈~~~~...~≈##~..#
#≈~~~.....~≈###'#
#≈~~~..~...~≈≈≈.#
##≈~~.~.~.~....##
#≈~~~......~~~#
##≈~~##'##~~~##
##≈##.§.##~##
###..S..###
#..p..# #.....#
#.....# #?(.$!#
##!$!## #####


You could see a vault guard.

Vanquished Creatures
  A vault guard (Bailey)
  Pikel (D:4)
  Jeremiah (D:7)
  A troll (D:6)
  Grinder (D:4)
  2 humans (Bailey)
  An ice beast (D:7)
  A black bear (D:5)
  2 orc warriors
  A sky beast (D:6)
  An ogre (D:7)
  A centaur (D:6)
  A phantom (D:7)
  2 kobold brigands
  8 bullfrogs
  2 lemures (D:4)
  8 scorpions (D:6)
  A jelly (D:5)
  An orc priest (D:3)
  Crazy Yiuf (D:3)
  A hound (D:5)
  A gnoll bouda (D:7)
  A sleepcap (D:6)
  An iguana (D:6)
  5 orc wizards
  Natasha (thrice) (D:3)
  Robin (D:4)
  3 gnolls (D:7)
  6 adders
  A shadow imp (D:7)
  2 white imps
  2 worms (D:3)
  2 dart slugs (D:1)
  20 orcs
  3 bats
  3 endoplasms
  12 giant cockroaches
  15 goblins
  11 hobgoblins
  28 kobolds
  5 quokkas
  10 ball pythons
  3 frilled lizards
  9 rats
  2 butterflies (D:6)
188 creatures vanquished.

Notes
Turn   | Place    | Note
-------+----------+-------------------------------------------
     0 | D:1      | lunkers the Meteoran Shapeshifter began the quest for the
                  | Orb.
     0 | D:1      | Reached XP level 1. HP: 16/16 MP: 2/2
    65 | D:1      | Reached skill level 4 in Unarmed Combat
    65 | D:1      | Reached XP level 2. HP: 8/23 MP: 3/3
   480 | D:1      | Found a faded altar of an unknown god.
   501 | D:1      | Glimpsed the power of Zot.
   507 | D:2      | Identified the "Wedoklo"
   573 | D:2      | Reached XP level 3. HP: 27/28 MP: 4/4
   811 | D:2      | Reached XP level 4. HP: 34/35 MP: 5/5
   841 | D:3      | Reached skill level 5 in Unarmed Combat
   880 | D:3      | Found a glowing drain.
   911 | Sewer    | Entered a sewer
  1016 | Sewer    | Reached XP level 5. HP: 37/40 MP: 6/6
  1025 | Sewer    | Noticed a kobold brigand
  1035 | Sewer    | Killed a kobold brigand
  1036 | Sewer    | Reached skill level 6 in Unarmed Combat
  1051 | Sewer    | Reached XP level 6. HP: 41/47 MP: 7/7
  1080 | Sewer    | Identified the +4 ring mail of Instinct {rN+ Will+ Regen+
                  | Str+8}
  1310 | Sewer    | Identified 2 scrolls of acquirement
  1310 | Sewer    | Acquired 525 gold pieces
  1316 | Sewer    | Acquired an amulet of reflection
  1388 | D:3      | Reached skill level 5 in Shapeshifting
  1420 | D:3      | Found a sparkling altar of Nemelex Xobeh.
  1495 | D:3      | Noticed Natasha
  1499 | D:3      | Killed Natasha
  1500 | D:3      | Reached skill level 7 in Unarmed Combat
  1512 | D:3      | Found a hide-covered altar of Uskayaw.
  1515 | D:3      | Noticed Natasha
  1524 | D:3      | Killed Natasha
  1527 | D:3      | Noticed Natasha
  1531 | D:3      | Killed Natasha
  1532 | D:3      | Reached XP level 7. HP: 52/52 MP: 8/8
  1712 | D:3      | Found a runed translucent door.
  1713 | D:3      | Noticed Crazy Yiuf
  1821 | D:3      | Killed Crazy Yiuf
  1983 | D:4      | Noticed Grinder
  1985 | D:4      | Paralysed by Grinder for 5 turns
  2009 | D:4      | Killed Grinder
  2010 | D:4      | Reached skill level 8 in Unarmed Combat
  2010 | D:4      | Reached XP level 8. HP: 53/59 MP: 9/9
  2085 | D:4      | Noticed Pikel
  2115 | D:4      | Killed Pikel
  2116 | D:4      | Reached skill level 9 in Unarmed Combat
  2129 | D:4      | Found a staircase to the Ecumenical Temple.
  2156 | D:4      | Found a runed translucent door.
  2175 | Temple   | Entered the Ecumenical Temple
  2207 | Temple   | Became a worshipper of Warmaster Okawaru
  2270 | D:4      | Noticed Demosthentine's ghost (amateur DsGl)
  2284 | D:4      | Noticed Robin
  2290 | D:4      | Killed Robin
  2305 | D:4      | HP: 2/47 [poisoned by a goblin]
  2329 | D:5      | Entered Level 5 of the Dungeon
  2611 | D:5      | Reached skill level 10 in Unarmed Combat
  2692 | D:5      | Noticed an animated storm dragon scales
  2693 | D:5      | Found Cawkut's Armour Shoppe.
  2695 | D:5      | Noticed an animated pearl dragon scales
  2737 | D:5      | Gained mutation: You passively map the area around you.
                  | [Meteoran growth]
  2737 | D:5      | Reached XP level 9. HP: 50/64 MP: 10/10
  2750 | D:5      | Found an opulent altar of Gozag.
  2818 | D:5      | Reached skill level 1 in Invocations
  2991 | D:6      | Reached * piety under Okawaru
  3012 | D:6      | Noticed a troll
  3016 | D:6      | Killed a troll
  3023 | D:6      | Reached skill level 11 in Unarmed Combat
  3250 | D:6      | Found a runed translucent door.
  3252 | D:6      | Found a runed translucent door.
  3267 | D:6      | Reached ** piety under Okawaru
  3276 | D:6      | Reached XP level 10. HP: 23/77 MP: 13/13
  3315 | D:6      | Found a bloodstained altar of Trog.
  3589 | D:7      | Noticed Jeremiah
  3601 | D:7      | Killed Jeremiah
  3615 | D:7      | Found a flagged portal.
  3625 | Bailey   | Entered a bailey
  3635 | Bailey   | Reached skill level 12 in Unarmed Combat
  3644 | Bailey   | Reached skill level 5 in Invocations
  3654 | Bailey   | Reached skill level 5 in Dodging
  3656 | Bailey   | Reached *** piety under Okawaru
  3688 | Bailey   | Noticed a vault guard
  3701 | Bailey   | Killed a vault guard
  3702 | Bailey   | Reached skill level 5 in Fighting
  3720 | Bailey   | Noticed Prince Ribbit
  3720 | Bailey   | Noticed a vault guard
  3730 | Bailey   | Slain by a vault guard

Illustrated notes

Levels and vault maps discovered:
D:1:      amcnicky_arrival_underground_garden, layout_basic,
          ebering_ecumenical_altar_hall, kennysheep_pointless_box
D:2:      layout_rooms, minmay_split_cup_small
D:3:      layout_rooms, nemelex_diamond_rough_becter,
          mainiacjoe_overflow_small_starburst, cheibrodos_sewer_entry_drain,
          uniq_natasha, uniq_crazy_yiuf_cottage
D:4:      layout_cave_pools, minmay_temple_entry_hall, ebering_ghost_sewer_d,
          dreamdust_princess_corridor, hangedman_decor_growths,
          minmay_misc_feat_cross, uniq_robin, uniq_grinder, uniq_pikel
D:5:      layout_gridville, grunt_gozag_breadcrumbs, serial_shops,
          nicolae_shop_mannequins, chequers_serial_rivers_room_a
D:6:      lemuel_insect_pit, layout_cave_pools, bloody_trog
D:7:      layout_basic, dreamdust_divine_triumvirate,
          gammafunk_temple_overflow_elements, enter_bailey_3,
          chequers_decorated_corner, uniq_jeremiah
Temple:   nicolae_temple_superstar
Bailey:   bailey_axe_froggy_fort_hellmonk, bailey

Skill      XL: |  1  2  3  4  5  6  7  8  9 10 |
---------------+-------------------------------+-----
Unarmed Combat | 4 5 6 7 8 10 11 12 | 12.6
Shapeshifting  | 4 5 6 7 8 |  8.7
Invocations    | 3 5 |  5.7
Fighting       | 3 5 |  5.0
Dodging        | 4 5 |  5.5

Action                     |  1- 3 |  4- 6 |  7- 9 | 10-12 || total
---------------------------+-------+-------+-------+-------++-------
  Melee: Unarmed           |    63 |   146 |   184 |    87 ||   480
         Punch             |       |     5 |     4 |       ||     9
         Constrict         |       |       |    28 |    19 ||    47
  Evoke: Wand              |       |     3 |       |       ||     3
    Use: Potion            |       |     1 |       |     1 ||     2
         Scroll            |       |     8 |     3 |     1 ||    12
 Armour: Animal skin       |     7 |       |       |       ||     7
         Ring mail         |    29 |    63 |    51 |       ||   143
         Skin              |       |    59 |    90 |    49 ||   198
  Dodge: Dodged            |    32 |    66 |   102 |    32 ||   232
  Block: Other             |       |     5 |    45 |    14 ||    64
         Reflection        |       |       |     4 |       ||     4
   Form: Anaconda          |     1 |       |     1 |       ||     2
         Beast             |     1 |       |       |       ||     1

Table legend: (Time is in decaauts)
 A = Elapsed time spent in this place.
 B = Non-inter-level travel time spent in this place.
 C = Inter-level travel time spent in this place.
 D = Time resting spent in this place.
 E = Time spent auto-exploring this place.
 F = Levels seen in this place.
 G = Mean time per level.
                   A        B        C        D        E       F      G
               +--------+--------+--------+--------+--------+-----+--------+
         Total |   3703 |   3471 |    232 |    121 |   2252 |  10 |  370.3 |
       Dungeon |   3111 |   2924 |    187 |      0 |   2079 |   7 |  444.4 |
        Temple |     57 |     12 |     45 |      0 |      0 |   1 |   57.0 |
         Sewer |    439 |    439 |      0 |    121 |    135 |   1 |  439.0 |
        Bailey |     94 |     94 |      0 |      0 |     38 |   1 |   94.0 |
               +--------+--------+--------+--------+--------+-----+--------+

Top non-repeatable levels by time:
     D:3: 605 daAuts
     D:4: 587 daAuts
     D:1: 505 daAuts
   Sewer: 439 daAuts
     D:6: 421 daAuts
     D:5: 374 daAuts
     D:2: 323 daAuts
     D:7: 294 daAuts
  Bailey: 94 daAuts
  Temple: 57 daAuts
